 Dungeon Crawl Stone Soup version 0.17-a0-1596-g1e86911 (webtiles) character file.

163 urechis the Conjurer (level 5, 0/28 HPs)
             Began as a Gargoyle Wizard on July 30, 2015.
             Killed from afar by volk64's ghost (1 damage)
             ... with a magic dart
             ... on level 4 of the Dungeon.
             The game lasted 00:11:07 (3845 turns).

urechis the Conjurer (Gargoyle Wizard)              Turns: 3845, Time: 00:11:08

Health: 0/28       AC:  6    Str: 11    XL:     5   Next: 44%
Magic:  1/11       EV: 11    Int: 19    God:
Gold:   173        SH:  0    Dex:  8    Spells: 5 memorised, 1 level left

rFire  . . .     SeeInvis .     C - +0 short sword
rCold  . . .     Clarity  .     a - +0 robe
rNeg   + . .     SustAt   .     (no shield)
rPois  ∞         Gourm    .     b - +0 hat
rElec  +         Spirit   .     (no cloak)
rCorr  +         Warding  .     (no gloves)
rMut   .         Stasis   .     (no boots)
MR     .....                    y - amulet of resist corrosion
Stlth  +++.......               w - ring of invisibility
                                l - ring of stealth

@: very slightly contaminated, not resistant to hostile enchantments, fairly
stealthy
A: negative energy resistance 1, electricity resistance, unbreathing,
petrification resistance, rot immunity, AC +4
a: Evoke Invisibility


You were on level 4 of the Dungeon.
You were not hungry.

You visited 1 branch of the dungeon, and saw 4 of its levels.
You also visited: Sewer.

You collected 173 gold pieces.

Inventory:

Hand weapons
 C - a +0 short sword (weapon)
Armour
 a - a +0 robe (worn)
 b - a +0 hat (worn)
Jewellery
 l - a ring of stealth (left hand)
 o - an uncursed ring of flight
 w - a ring of invisibility (right hand)
 y - an amulet of resist corrosion (around neck)
Scrolls
 i - 4 scrolls of identify {unknown}
 j - a scroll of teleportation {unknown}
 k - 2 scrolls of random uselessness {unknown}
 n - a scroll of immolation {unknown}
 q - a scroll of noise {unknown}
 t - 3 scrolls of blinking {unknown}
 u - a scroll of remove curse {unknown}
 v - a scroll of amnesia {unknown}
 z - 3 scrolls of magic mapping {unknown}
Potions
 f - a potion of heal wounds {unknown}
 g - a potion of degeneration {unknown}
 m - 2 potions of curing {unknown}
 p - a potion of brilliance {unknown}
 r - a potion of flight {unknown}
 s - a potion of mutation {unknown}
 A - 2 potions of haste {unknown}
 B - a potion of lignification {unknown}
 D - a potion of invisibility {unknown}
 E - 3 potions of agility {unknown}
Books
 c - a book of Minor Magic

   Spells                             Type                      Level
   a - Magic Dart                     Conjuration                  1
   b - Blink                          Translocation                2
   c - Call Imp                       Summoning                    2
   d - Repel Missiles                 Charms/Air                   2
   e - Slow                           Hexes                        2
   f - Conjure Flame                  Conjuration/Fire             3
   g - Mephitic Cloud                 Conjuration/Poison/Air       3
Comestibles
 d - 5 bread rations
 h - a beef jerky
 x - 2 meat rations


   Skills:
 - Level 1.5 Dodging
 - Level 2.1 Stealth
 - Level 4.0 Spellcasting
 + Level 4.6 Conjurations
   Level 0.8 Summonings
 - Level 0.8 Translocations


You had one spell level left.
You knew the following spells:

 Your Spells              Type           Power        Failure   Level  Hunger
a - Magic Dart            Conj           ###.         1%          1    None
b - Mephitic Cloud        Conj/Pois/Air  #.......     21%         3    ###....
c - Conjure Flame         Conj/Fire      ##......     17%         3    ###....
d - Repel Missiles        Chrm/Air       #.....       21%         2    ##.....
e - Blink                 Tloc           N/A          17%         2    ##.....


Dungeon Overview and Level Annotations

Branches:
Dungeon (4/15)
 Temple: D:4-7

Altars:
Fedhas
Ru
Zin

Annotations:
D:3 Conn321's ghost, average HEAs
D:4 volk64's ghost, average DsWz


Innate Abilities, Weirdness & Mutations

You are resistant to torment.
Your stone body is resilient (AC +4).
You are immune to poison.
You resist negative energy.
You are resistant to electric shocks.
You can survive without breathing.
You are immune to petrification.
You are immune to rotting.


Message History

Press: ? - help, Shift-Dir - straight line, f - volk64's ghost
Aim: volk64's ghost The magic dart hits volk64's ghost.
The orc throws a tomahawk.
The tomahawk hits you but does no damage.
You enter the shallow water.
Moving in this stuff is going to be slow.
The orc throws a tomahawk.
The tomahawk barely misses you. Volk64's ghost casts a spell at you.
The magic dart hits you!
The orc wizard gestures wildly while chanting.
The orc wizard blinks!
Volk64's ghost gestures at you while chanting.
The magic dart hits you!
* * * LOW HITPOINT WARNING * * *
The orc wizard points at you and mumbles some strange words.
The magic dart hits you!
* * * LOW HITPOINT WARNING * * *
Volk64's ghost gestures at you while chanting.
The magic dart hits you!
You die...

#.# #.# ##### ##.##
#... #### ....####..
##..##
#........####....#
#.####.........#..
###...###........##.
#..@.....[#..###..#.
#.###.....o...#..#
##...
........≈o≈..†##.#
#...
###....≈W≈≈≈..##.#
##.## #...(≈≈(≈≈..##.#
#.##
#....≈≈†§≈...#..##.#
#.##...≈≈≈...#...#.###
#.#
#.(.......###.....##
.# #.........#
#.###...


You could see an orc wizard, volk64's ghost and an orc.

Vanquished Creatures
  A hound (D:4)
  6 adders
  An ooze (D:2)
  An adder skeleton (D:4)
  A worm (D:3)
  2 giant geckos
  2 orcs (D:4)
  2 ball pythons (D:4)
  7 bats
  2 giant cockroaches
  7 goblins
  7 hobgoblins
  5 jackals
  8 kobolds
  2 quokkas
  5 giant newts
  13 rats
72 creatures vanquished.

Notes
Turn   | Place    | Note
--------------------------------------------------------------
     0 | D:1      | urechis the Gargoyle Wizard began the quest for the Orb.
     0 | D:1      | Reached XP level 1. HP: 10/10 MP: 4/4
   194 | D:1      | Reached XP level 2. HP: 15/15 MP: 4/6
  1194 | D:2      | Found a glowing silver altar of Zin.
  1196 | D:2      | Reached XP level 3. HP: 19/19 MP: 2/7
  1241 | D:2      | Found a sacrificial altar of Ru.
  1408 | D:2      | Found a blossoming altar of Fedhas.
  1996 | D:3      | Reached XP level 4. HP: 17/24 MP: 1/9
  2132 | D:3      | Noticed Conn321's ghost (average HEAs)
  3144 | D:4      | Reached skill level 4 in Spellcasting
  3226 | D:4      | Reached XP level 5. HP: 28/28 MP: 1/11
  3469 | D:4      | Noticed an ogre
  3549 | D:3      | Learned a level 3 spell: Mephitic Cloud
  3553 | D:3      | Learned a level 3 spell: Conjure Flame
  3556 | D:3      | Learned a level 2 spell: Repel Missiles
  3559 | D:3      | Learned a level 2 spell: Blink
  3637 | D:4      | Found a glowing drain.
  3654 | D:4      | Noticed volk64's ghost (average DsWz)
  3655 | Sewer    | Entered a sewer
  3762 | Sewer    | Noticed karlkraus's ghost (average MiFi)
  3845 | D:4      | HP: 1/28 [orc wizard/magic dart (5)]
  3845 | D:4      | Killed from afar by volk64's ghost

Vault maps used:
D:1:      shiori_shiawase
D:2:      lemuel_crystal_altar, nicolae_ru_sacrificial_ziggurat, fedhas_altar_1
D:4:      portal_sewer_entry_a, kennysheep_generic_room_16
Sewer:    sewer_minmay_treatment

Action                   |  1- 3 |  4- 6 || total
-------------------------+-------+-------++-------
Melee: Dagger            |    64 |    18 ||    82
 Cast: Magic Dart        |    80 |   120 ||   200
 Stab: Sleeping          |     3 |       ||     3
  Eat: Chunk             |     2 |     6 ||     8
       Fruit             |     1 |       ||     1
